 Dungeon Crawl Stone Soup version 0.23-a0-677-g07611c5 (console) character file.

4 Duffy the Firebug (level 1, 6/13 HPs)
             Began as a Demonspawn Fire Elementalist on Jan 9, 2019.
             Quit the game on level 3 of the Dungeon.
             The game lasted 00:00:18 (154 turns).

Duffy the Firebug (Demonspawn Fire Elementalist)     Turns: 154, Time: 00:00:19

Health: 6/13       AC:  2    Str:  8      XL:     1   Next: 50%
Magic:  0/3        EV: 12    Int: 16      God:
Gold:   15         SH:  0    Dex: 10 (13) Spells: 3/4 levels left

rFire    . . .     SeeInvis .   (no weapon)
rCold    . . .     Gourm    .   (no shield)
rNeg     . . .     Faith    .   a - +0 robe
rPois    .         Spirit   .   (no helmet)
rElec    .         Reflect  .   (no cloak)
rCorr    .         Harm     .   (no gloves)
MR       .....                  (no boots)
Stlth    +++.......             (no amulet)
HPRegen  0.04/turn              b - ring of stealth
MPRegen  0.08/turn              (no ring)

@: no status effects
A: no striking features
a: no special abilities


You were on level 3 of the Dungeon.
You were not hungry.

You visited 1 branch of the dungeon, and saw 3 of its levels.

You collected 15 gold pieces.

Inventory:

Armour
 a - a +0 robe (worn)
Jewellery
 b - a ring of stealth (left hand)
Comestibles
 c - 2 rations


   Skills:
 - Level 1.7 Dodging
 - Level 1.7 Stealth
 - Level 2.0 Spellcasting
 + Level 1.6 Conjurations
 - Level 2.6 Fire Magic


You had 3 spell levels left.
You knew the following spells:

 Your Spells              Type           Power        Failure   Level  Hunger
h - Flame Tongue          Conj/Fire      #....        9%          1    #......

Your spell library contained the following spells:

 Spells                   Type           Power        Failure   Level  Hunger
 Throw Flame              Conj/Fire      #.....       13%         2    ###....
 Conjure Flame            Conj/Fire      #.......     26%         3    ###....
 Inner Flame              Hex/Fire       #.......     34%         3    ###....
 Sticky Flame             Conj/Fire      #.......     65%         4    #####..
 Fireball                 Conj/Fire      #.........   94%         5    ######.


Dungeon Overview and Level Annotations

Branches:
Dungeon (3/15)

Altars:


Message History

The flame tongue misses the quasit.
The quasit misses you. The quasit completely misses you.
The quasit closely misses you.
Casting: Flame Tongue (safe; 9% risk of failure)
Confirm with . or Enter, or press ? or * to list all spells.
You don't have enough magic to cast that spell.
Casting: Flame Tongue (safe; 9% risk of failure)
Confirm with . or Enter, or press ? or * to list all spells.
You don't have enough magic to cast that spell.
Casting: Flame Tongue (safe; 9% risk of failure)
Confirm with . or Enter, or press ? or * to list all spells.
You don't have enough magic to cast that spell.
You aren't carrying any items that you can evoke.
As you read the scroll labeled ANLIAZ AHUM, it crumbles to dust.
It is a scroll of identify.
You don't have any unidentified items.
The quasit barely misses you. x2
The quasit claws you but does no damage.
The quasit closely misses you. The quasit misses you.
The quasit completely misses you.
Are you sure you want to abandon this character and quit the game? (Confirm

...............#
...............#
........%......####
.............<.....
............###########
......$.......O.......#
.............########.#
.............#...####.#
............#.@5.....#
...........#.########
..........#.#
########.#.# #.#.# #.#
#.# #.# #.#


You could see a quasit.

Vanquished Creatures
  A goblin (D:3)
  A hobgoblin (D:3)
  2 rats (D:3)
4 creatures vanquished.

Notes
Turn   | Place    | Note
-------+----------+-------------------------------------------
     0 | D:1      | Duffy the Demonspawn Fire Elementalist began the quest for
                  | the Orb.
     0 | D:1      | Reached XP level 1. HP: 13/13 MP: 3/3
   126 | D:3      | Noticed a quasit
   127 | D:3      | Noticed an ogre
   154 | D:3      | Quit the game

Vault maps used:
D:1:      dpeg_arrival_water_altar, minmay_misc_feat_x
D:2:      nicolae_tso_carved_into_rock, serial_glass, glass_columns_a,
          glass_columns_c, glass_columns_b, glass_columns_b, uniq_natasha
D:3:      minmay_general_purpose_star, lemuel_crystal_altar, first_ration,
          kennysheep_generic_room_6

Action                   || total
-------------------------++-------
 Cast: Flame Tongue      ||     8
  Use: Scroll            ||     1
Armor: Robe              ||     3
Dodge: Dodged            ||    19

Table legend:
 A = Non-vault XP
 B = Vault XP
 C = Vault XP percentage of total XP
 D = Non-vault monster count
 E = Vault monster count
 F = Vault count percentage of total count
                 A         B        C        D         E       F
            +---------+---------+-------+---------+---------+-------
      Total |       6 |       0 |   0.0 |       4 |       0 |   0.0
            +---------+---------+-------+---------+---------+-------
        D:3 |       6 |       0 |   0.0 |       4 |       0 |   0.0
            +---------+---------+-------+---------+---------+-------
